 Dungeon Crawl Stone Soup version 0.29-a0-322-g68df515428 (webtiles) character file.

Game seed: 6405424204884840761

135 HotDog the Chopper (level 5, 0/46 HPs)
             Began as a Hill Orc Fighter on Apr 7, 2022.
             Killed by nerve-wracking pain
             ... invoked by an orc priest
              (9 damage)
             ... on level 3 of the Dungeon.
             The game lasted 00:03:18 (2343 turns).

HotDog the Chopper (Hill Orc Fighter)               Turns: 2343, Time: 00:03:19

Health: 0/46       AC: 12    Str: 21    XL:     5   Next: 18%
Magic:  6/6        EV:  7    Int:  8    God:
Gold:   115        SH:  4    Dex: 10    Spells: 4/4 levels left

rFire   . . .      SeeInvis .   a - +0 war axe
rCold   . . .      Faith    .   c - +0 buckler
rNeg    . . .      Spirit   .   m - +0 chain mail
rPois   .          Reflect  .   (no helmet)
rElec   .          Harm     .   f - +1 cloak
rCorr   .          Rampage  .   b - +0 pair of gloves
Will    .....                   (no boots)
Stlth   ..........              (no amulet)
HPRegen 0.15/turn               (no ring)
MPRegen 0.10/turn               (no ring)

@: lethally poisoned (0 -> -9)
A: no striking features
a: Convert to Beogh


You were on level 3 of the Dungeon.
You visited 1 branch of the dungeon, and saw 3 of its levels.

You collected 115 gold pieces.

Inventory:

Hand Weapons
 a - a +0 war axe (weapon)
Armour
 b - a +0 pair of gloves (worn)
 c - a +0 buckler (worn)
 f - a +1 cloak (worn)
 m - a +0 chain mail (worn)
Jewellery
 p - a +6 ring of strength
Scrolls
 g - a scroll of holy word {unknown}
 h - 4 scrolls of identify {unknown}
 i - a scroll of amnesia {unknown}
 k - a scroll of fog {unknown}
 l - 2 scrolls of immolation {unknown}
 o - a scroll of torment {unknown}
Potions
 d - a potion of might
 e - 2 potions of haste {unknown}
 j - a potion of heal wounds {unknown}
 n - a potion of invisibility {unknown}
 q - a potion of ambrosia {unknown}
 r - a potion of lignification {unknown}


   Skills:
 * Level 4.1 Fighting
 * Level 4.6 Axes
 * Level 3.9 Armour
 * Level 0.8 Dodging
 * Level 3.8 Shields
 * Level 1.8 Invocations


You had 4 spell levels left.
You didn't know any spells.
Your spell library contained the following spells:

 Spells                   Type           Power      Damage    Failure   Level
 Animate Skeleton         Necr           0%         N/A       99%         1
 Pain                     Necr           0%         1d4       99%         1
 Lesser Beckoning         Tloc           0%         N/A       100%        3
 Vampiric Draining        Necr           0%         2d6       100%        3
 Animate Armour           Summ/Erth      0%         N/A       100%        4
 Summon Mana Viper        Hex/Summ       0%         N/A       100%        5
 Disjunction              Tloc           0%         N/A       100%        8


Dungeon Overview and Level Annotations

Branches:
Dungeon (3/15)

Altars:

Shops:
D:3 :


Message History

The orc wizard gestures at you while chanting.
You are confused.
The orc priest threatens, "By the altar or by the axe, you will meet Beogh!"
The orc priest attacks as you move away!
The orc priest hits you but does no damage.
The orc hits you with a +0 war axe. The orc hits you but does no damage.
You hit the orc.
The orc is lightly wounded.
You miss the orc priest.
The orc priest shouts, "Join the one true god or die!"
You hit the orc.
The orc priest hits you but does no damage.
The orc hits you with a +0 war axe! The orc barely misses you.
The orc attacks as you move away! The orc hits you but does no damage.
The orc wizard barely misses you.
You hit the orc.
The orc is severely wounded.
You hit the orc priest. You miss the orc wizard. You miss the orc.
The orc priest hits you with a +0 mace. The orc hits you with a +0 war axe!
The orc hits you but does no damage.
You are poisoned.
The orc wizard gestures at you while chanting.
The puff of flame hits you! The orc attacks as you move away!
The orc hits you with a +1 dagger of venom.
You are lethally poisoned!
You feel less confused.
You feel very sick.
The orc priest threatens, "By the altar or by the axe, you will meet Beogh!"
The orc hits you but does no damage. x2
You hit the orc but do no damage.
The orc is severely wounded.
You hit the orc.
You hit the orc priest but do no damage.
* * * LOW HITPOINT WARNING * * *
You feel very sick.
The orc priest shouts, "Join the one true god or die!"
The orc priest invokes the aid of Beogh against you.
Pain shoots through your body!
You die...

#...#######......#
#......#
##................#
########
..........##......#
#....####.##.(....#
#....# #.##......#
####### #....#
#.###+##+####### #......
#....####[###.#........#
#......
..>...........#........#
#......
..............#.@......#
#......
..............#oooo....#
#....†.
..............#.o......#
#......
..............'........#
####...
..............#........#
#...
..............##########
#### ..............#
..............#
..............# ###


You could see an orc priest, an orc wizard and 3 orcs.

Vanquished Creatures
  Jessica (D:3)
  2 adders
  A gnoll (D:1)
  5 worms
  3 dart slugs
  An orc (D:3)
  5 bats
  8 endoplasms
  3 giant cockroaches (D:2)
  A goblin (D:1)
  3 hobgoblins
  5 kobolds
  4 quokkas
  8 ball pythons
  6 frilled lizards
  4 rats
60 creatures vanquished.

Notes
Turn   | Place    | Note
-------+----------+-------------------------------------------
     0 | D:1      | HotDog the Hill Orc Fighter began the quest for the Orb.
     0 | D:1      | Reached XP level 1. HP: 19/19 MP: 1/1
     5 | D:1      | Noticed a five-headed hydra
     8 | D:1      | Noticed an elephant
    84 | D:1      | Reached XP level 2. HP: 27/27 MP: 2/2
   146 | D:1      | Got the Reference Book on the Supportive Compass
   259 | D:1      | Found a faded altar of an unknown god.
   288 | D:1      | Reached skill level 1 in Invocations
   386 | D:1      | Reached XP level 3. HP: 33/33 MP: 3/3
   789 | D:2      | Reached XP level 4. HP: 39/40 MP: 4/4
  1643 | D:3      | Found Qekhar's Book Boutique.
  1852 | D:3      | Noticed Jessica
  1864 | D:3      | Killed Jessica
  1865 | D:3      | Reached XP level 5. HP: 35/46 MP: 6/6
  2343 | D:3      | Killed from afar by an orc priest

Illustrated notes

Levels and vault maps discovered:
D:1:      sevenhm_arrival_forest_fort_small_2, layout_basic,
          hellmonk_ecumenical_altar_heavens_door, nicolae_wormholes
D:2:      minmay_skewed_foursquare, layout_rooms, minivault_11,
          minmay_heptomino_o4
D:3:      layout_basic, serial_shops, shop, st_stairs_10, uniq_jessica

Skill      XL: |  1  2  3  4 |
---------------+-------------+-----
Axes           | 3 4 |  4.6
Invocations    | 1 |  1.8
Fighting       | 4 |  4.1
Armour         | |  3.9
Dodging        | |  0.8
Shields        | |  3.8

Action                   |  1- 3 |  4- 6 || total
-------------------------+-------+-------++-------
Melee: War axe           |    98 |    83 ||   181
Armor: Scale mail        |    64 |     3 ||    67
       Chain mail        |       |    41 ||    41
Dodge: Dodged            |    57 |    23 ||    80
Block: Buckler           |    28 |     9 ||    37

Table legend: (Time is in decaauts)
 A = Elapsed time spent in this place.
 B = Non-inter-level travel time spent in this place.
 C = Inter-level travel time spent in this place.
 D = Time resting spent in this place.
 E = Time spent auto-exploring this place.
 F = Levels seen in this place.
 G = Mean time per level.
                   A        B        C        D        E       F      G
               +--------+--------+--------+--------+--------+-----+--------+
         Total |   2407 |   2334 |     73 |     47 |   1764 |   3 |  802.3 |
       Dungeon |   2407 |   2334 |     73 |     47 |   1764 |   3 |  802.3 |
               +--------+--------+--------+--------+--------+-----+--------+

Top non-repeatable levels by time:
     D:2: 915 daAuts
     D:3: 782 daAuts
     D:1: 709 daAuts
